 Dungeon Crawl Stone Soup version 0.20-a0-641-g673355a (webtiles) character file.

17165 AlphabetPasta the Covert (level 12, -1/78 HPs)
             Began as a Halfling Wanderer on Feb 12, 2017.
             Was a High Priest of Dithmenos.
             Slain by a death knight
             ... wielding a +2 battleaxe
              (31 damage)
             ... on level 12 of the Dungeon.
             The game lasted 01:21:19 (14536 turns).

AlphabetPasta the Covert (Halfling Wanderer)       Turns: 14536, Time: 01:21:19

Health: -1/78      AC:  7    Str: 11    XL:     12   Next: 79%
Magic:  18/18      EV: 20    Int: 14    God:    Dithmenos [*****.]
Gold:   289        SH:  0    Dex: 17    Spells: 16/19 levels left

rFire    + . .     SeeInvis .   a - +5 dagger (venom)
rCold    + . .     Gourm    .   K - +1 robe {rF+}
rNeg     . . .     Faith    .   (shield restricted)
rPois    .         Spirit   .   i - +2 helmet
rElec    .         Reflect  .   N - scarf "Pyisan" {MR+ rCorr}
rCorr    +         Harm     .   y - +0 pair of gloves
MR       +....                  (no boots)
Stlth    ++++++++..             (no amulet)
Regen    0.3/turn               E - +3 ring of slaying
MPRegen  0.2/turn               w - ring of protection from cold

@: wreathed by umbra
A: mutation resistance 1
a: Shadow Step, Shadow Form, Renounce Religion


You were on level 12 of the Dungeon.
You worshipped Dithmenos.
Dithmenos was extremely pleased with you.
You were not hungry.

You visited 1 branch of the dungeon, and saw 12 of its levels.

You collected 529 gold pieces.
You spent 240 gold pieces at shops.

Inventory:

Hand Weapons
 a - a +5 dagger of venom (weapon)
 b - a +2 blowgun
 c - a +0 shortbow
 d - a +0 hunting sling
 W - a +0 scimitar
Missiles
 e - 207 arrows
 j - 3 needles of confusion
 l - 115 poisoned needles
 p - 9 tomahawks (quivered)
 r - 68 sling bullets
 s - 4 curare-tipped needles
 z - 282 stones
Armour
 f - a +1 robe
 i - a +2 helmet (worn)
 y - a +0 pair of gloves (worn)
 K - a +1 robe of fire resistance (worn)
 N - the scarf "Pyisan" (worn) {MR+ rCorr}
   (You bought it in a shop on level 8 of the Dungeon)

   It affects your resistance to hostile enchantments.
   It protects you from acid and corrosion.
 V - a +0 buckler
Magical Staves
 U - an uncursed staff of poison
Jewellery
 u - an uncursed ring of ice
 w - a ring of protection from cold (left hand)
 A - an uncursed ring of protection from fire
 B - an uncursed amulet of guardian spirit
 E - a +3 ring of slaying (right hand)
 P - an uncursed ring of flight
Wands
 x - a wand of polymorph (9/24)
 H - a wand of confusion (0/48)
 J - a wand of lightning (5/15)
 M - a wand of confusion (39/48)
 T - a wand of iceblast (0/15)
Scrolls
 m - a scroll of blinking
 n - 5 scrolls of remove curse
 v - 2 scrolls of identify
 F - 5 scrolls of teleportation
 L - 2 scrolls of fear
 O - 2 scrolls of enchant armour
 R - a scroll of enchant weapon
 Y - a scroll of amnesia
Potions
 h - 2 potions of magic
 k - 3 potions of curing
 G - 2 potions of flight
 I - a potion of agility
 Q - 2 potions of brilliance
 S - a potion of might
Books
 C - a book of Misfortune

   Spells                             Type                      Level
   a - Confusing Touch                Hexes                        1
   b - Confuse                        Hexes                        3
   c - Gell's Gravitas                Hexes/Translocation          3
   d - Petrify                        Transmutation/Earth          4
   e - Metabolic Englaciation         Hexes/Ice                    5
   f - Yara's Violent Unravelling     Hexes/Transmutation          5
Comestibles
 g - a chunk of flesh
 o - 4 meat rations
 q - 12 fruits
 t - 5 bread rations


   Skills:
 + Level 5.9 Fighting
 * Level 10.8 Short Blades
   Level 1.7 Maces & Flails
 + Level 8.7(8.9) Slings
 - Level 2.0(4.3) Throwing
 - Level 3.2 Armour
 + Level 7.4 Dodging
 * Level 11.2 Stealth
 + Level 3.1 Shields
 + Level 4.0 Spellcasting
 + Level 4.2 Hexes
   Level 1.1 Charms
   Level 1.5 Summonings
 + Level 6.5 Invocations


You had 16 spell levels left.
You knew the following spells:

 Your Spells              Type           Power        Failure   Level  Hunger
a - Confuse               Hex            ##......     12%         3    ###....


Dungeon Overview and Level Annotations

Branches:
Dungeon (12/15)            Temple (0/1) D:6            Lair (0/6) D:10
    Orc (0/2) D:9

Altars:
Ashenzari
Dithmenos
Elyvilon
Hepliaklqana
Nemelex Xobeh
Okawaru
Ru
Vehumet
Xom
The Shining One

Shops:
D:8 [

Annotations:
D:4 RexxRaptorr's ghost, novice OpTm


Innate Abilities, Weirdness & Mutations

You are small and have problems with some larger weapons.
You are somewhat resistant to further mutation.


Message History

The death knight drinks a potion.
The death knight is healed!
Evoke which item? (* to show all) (? for menu, Esc to quit)
Aiming: Iceblast (will waste charges)
Press: ? - help, Shift-Dir - straight line, f/p - death knight
Aim: a death knight, wielding an enchanted battleaxe and wearing a chain mail (moderately wounded, poisoned, umbra) Nothing appears to happen.
You hit the death knight.
The death knight looks as sick as possible!
The death knight is moderately wounded.
Your shadow barely misses the death knight.
You barely miss the death knight.
The death knight is moderately wounded.
You hit the death knight.
The death knight looks as sick as possible!
The death knight is heavily wounded.
The death knight hits you with an enchanted battleaxe!
* * * LOW HITPOINT WARNING * * *
You feel better.
The death knight hits you with an enchanted battleaxe!!
You die...

#.## #. #.# .# #.# #.
#####.### ## #.##
#.......# #.###.##
#.......# #...÷.###
#.....).# ######.....'..
#......†###....'.....##.
#....))@p...####.....###
#.......##### #.....#
#.......# #(....#
###.##### #.....# #...##
###'### ###..# #..
#####.#### ########+##
#........# #.........#
#........####.........#


You could see a death knight.

Vanquished Creatures
  Kirke (D:12)
  Erica (D:10)
  4 two-headed ogres
  The ghost of AlphabetPasta the Scholar of Death, a novice HaNe of Kikubaaqudgha (D:6)
  Pikel (D:7)
  An ugly thing (D:12)
  Psyche (D:11)
  A kobold demonologist (D:11)
  2 trolls
  5 slime creatures
  2 hippogriffs
  A shadow (D:11)
  A water elemental (D:11)
  A wraith (D:11)
  A wyvern (D:9)
  7 yaks
  3 hogs (D:12)
  A human (D:12)
  Grum (D:11)
  A steam dragon (D:11)
  A hungry ghost (D:11)
  2 acid dragons (D:12)
  Edmund (D:5)
  2 water moccasins
  7 orc warriors
  A black bear (D:8)
  A slave (D:7)
  A phantom (D:5)
  8 ogres
  3 sky beasts
  An eye of draining (D:11)
  4 centaurs
  2 wolves (D:11)
  6 big kobolds
  7 bullfrogs
  2 scorpions
  3 wights (D:12)
  6 killer bees (D:12)
  An electric eel (D:11)
  6 crimson imps
  3 howler monkeys
  A bullfrog zombie (D:11)
  A centaur zombie (D:5)
  5 hounds
  4 jellies
  3 bullfrog skeletons
  2 quasits
  7 orc priests
  9 orc wizards
  2 centaur skeletons
  3 iguanas
  6 worker ants
  A hound zombie (D:10)
  2 worker ant zombies
  Robin (D:4)
  17 adders
  9 gnolls
  2 shadow imps
  2 adder skeletons (D:9)
  An adder zombie (D:7)
  A worm (D:4)
  6 dart slugs
  3 leopard geckos
  42 orcs
  2 ball pythons
  9 bats
  4 giant cockroaches
  18 goblins
  6 hobgoblins
  5 jackals
  24 kobolds
  4 quokkas
  7 frilled lizards
  A leopard gecko skeleton (D:7)
  9 rats
  A plant (D:10)
325 creatures vanquished.

Vanquished Creatures (others)
  An orc (D:12)
  A giant cockroach (D:3)
  A goblin (D:3)
  A quokka (D:3)
  15 plants (D:11)
19 creatures vanquished.

Grand Total: 344 creatures vanquished

Notes
Turn   | Place    | Note
-------+----------+-------------------------------------------
     0 | D:1      | AlphabetPasta the Halfling Wanderer began the quest for the Orb.
     0 | D:1      | AlphabetPasta set off with: 3 curare-tipped needles, a +2 blowgun, a +0 shortbow, 27 arrows, a potion of curing, a +0 robe, a bread ration
     0 | D:1      | Reached XP level 1. HP: 11/11 MP: 1/1
   146 | D:1      | Reached skill level 1 in Stealth
   146 | D:1      | Reached XP level 2. HP: 18/18 MP: 2/2
   340 | D:1      | Reached skill level 1 in Fighting
   351 | D:1      | Reached skill level 1 in Dodging
   382 | D:1      | Reached XP level 3. HP: 23/23 MP: 3/3
   943 | D:2      | Reached skill level 1 in Short Blades
   943 | D:2      | Reached skill level 2 in Stealth
  1024 | D:2      | Reached XP level 4. HP: 22/28 MP: 4/4
  1665 | D:2      | Reached XP level 5. HP: 33/33 MP: 5/5
  2748 | D:3      | Found a white marble altar of Elyvilon.
  2752 | D:3      | Became a worshipper of Elyvilon the Healer
  2753 | D:3      | Noticed Robin
  3149 | D:4      | Reached skill level 3 in Stealth
  3149 | D:4      | Reached XP level 6. HP: 14/39 MP: 6/6
  3657 | D:4      | Killed Robin
  3779 | D:3      | Found a glowing golden altar of the Shining One.
  3779 | D:3      | Found an iron altar of Okawaru.
  3897 | D:3      | Noticed an ogre
  3901 | D:3      | Killed an ogre
  3901 | D:3      | Reached skill level 1 in Slings
  3966 | D:3      | Found a sacrificial altar of Ru.
  3968 | D:3      | Reached skill level 1 in Invocations
  3999 | D:3      | Reached skill level 4 in Stealth
  4005 | D:3      | Reached XP level 7. HP: 45/45 MP: 7/7
  4203 | D:4      | Reached * piety under Elyvilon
  4209 | D:4      | Noticed RexxRaptorr's ghost (novice OpTm)
  4854 | D:4      | Found a hazy altar of Hepliaklqana.
  4856 | D:4      | Found a shadowy altar of Dithmenos.
  4858 | D:4      | Found a sparkling altar of Nemelex Xobeh.
  4983 | D:4      | Reached ** piety under Elyvilon
  5228 | D:4      | Reached skill level 5 in Stealth
  5228 | D:4      | Reached XP level 8. HP: 51/51 MP: 9/9
  5323 | D:4      | Fell from the grace of Elyvilon
  5323 | D:4      | Became a worshipper of Dithmenos the Shadowed
  5350 | D:5      | Entered Level 5 of the Dungeon
  5452 | D:5      | Reached skill level 5 in Short Blades
  5713 | D:5      | Found a shattered altar of Ashenzari.
  5713 | D:5      | Found a sacrificial altar of Ru.
  5969 | D:5      | Noticed Edmund
  5986 | D:5      | Killed Edmund
  5986 | D:5      | Reached skill level 6 in Stealth
  6197 | D:5      | Reached * piety under Dithmenos
  6775 | D:6      | Reached XP level 9. HP: 57/57 MP: 11/11
  6933 | D:6      | Found a staircase to the Ecumenical Temple.
  6937 | D:6      | Noticed AlphabetPasta's ghost (novice HaNe)
  7112 | D:6      | Learned a level 3 spell: Confuse
  7644 | D:6      | Killed AlphabetPasta's ghost
  7644 | D:6      | Reached skill level 7 in Stealth
  7644 | D:6      | Reached skill level 1 in Hexes
  7787 | D:6      | Reached skill level 1 in Spellcasting
  8086 | D:7      | Reached skill level 5 in Slings
  8117 | D:7      | Noticed Pikel
  8139 | D:7      | Killed Pikel
  8145 | D:7      | Reached XP level 10. HP: 62/63 MP: 12/12
  8173 | D:7      | Found a shimmering altar of Xom.
  8181 | D:7      | Reached skill level 5 in Dodging
  8296 | D:7      | Reached skill level 8 in Stealth
  8612 | D:7      | Reached ** piety under Dithmenos
  9281 | D:8      | Found Kuonne Nuem's Antique Armour Boutique.
  9284 | D:8      | Bought a pitted scarf for 240 gold pieces
  9289 | D:8      | Identified the cursed scarf "Pyisan" {MR+ rCorr} (You bought it in a shop on level 8 of the Dungeon)
  9659 | D:9      | Found a staircase to the Orcish Mines.
  9748 | D:9      | Noticed a two-headed ogre
  9773 | D:9      | Killed a two-headed ogre
  9773 | D:9      | Reached skill level 9 in Stealth
  9780 | D:9      | Reached skill level 5 in Invocations
 10022 | D:9      | Found a sparkling altar of Nemelex Xobeh.
 10143 | D:9      | Reached XP level 11. HP: 54/70 MP: 14/14
 10496 | D:10     | Entered Level 10 of the Dungeon
 10499 | D:10     | Found a radiant altar of Vehumet.
 10543 | D:10     | Found a staircase to the Lair.
 10610 | D:10     | Noticed a two-headed ogre
 10612 | D:10     | Killed a two-headed ogre
 10625 | D:10     | Noticed Erica
 10647 | D:10     | Killed Erica
 10647 | D:10     | Reached skill level 5 in Fighting
 11085 | D:11     | Noticed a two-headed ogre
 11089 | D:11     | Killed a two-headed ogre
 11177 | D:11     | Reached *** piety under Dithmenos
 11231 | D:11     | Reached skill level 10 in Stealth
 11698 | D:11     | Reached skill level 1 in Shields
 11699 | D:11     | Noticed a two-headed ogre
 11700 | D:11     | Noticed Grum
 11996 | D:11     | Killed Grum
 12164 | D:11     | Reached skill level 10 in Short Blades
 12185 | D:11     | Noticed Psyche
 12198 | D:11     | Killed Psyche
 12397 | D:11     | Reached XP level 12. HP: 47/77 MP: 16/16
 12674 | D:11     | Killed a two-headed ogre
 12776 | D:12     | Noticed Kirke
 12805 | D:12     | Reached **** piety under Dithmenos
 13108 | D:12     | Killed Kirke
 13489 | D:12     | Reached skill level 11 in Stealth
 14436 | D:12     | Reached ***** piety under Dithmenos
 14505 | D:12     | Noticed a death knight
 14536 | D:12     | Slain by a death knight

Vault maps used:
D:1:      minmay_arrival_diagonal_passages, hangedman_decor_peaks_small
D:3:      elyvilon_altar_4, gammafunk_temple_overflow_wave,
          nicolae_ru_awakened_eye, uniq_robin
D:4:      grunt_temple_overflow_diamond, first_bread
D:5:      chequers_temple_overflow_statue_of_worship, eino_tiny_chamber,
          minivault_27, uniq_edmund
D:6:      minmay_temple_entry_glassed_door
D:7:      basic_altar, uniq_pikel
D:8:      serial_shops, kennysheep_mini_moat
D:9:      orc_0_dummy, basic_altar
D:10:     dpeg_oklobed_lair, basic_altar, uniq_erica
D:11:     serial_bayou, serial_bayou_lagoon_a, serial_bayou_pond_c,
          serial_bayou_pond_e, serial_bayou_pond_c, uniq_grum, uniq_psyche
D:12:     grunt_ogre_cave, uniq_kirke

Skill      XL: |  1  2  3  4  5  6  7  8  9 10 11 12 |
---------------+-------------------------------------+-----
Stealth        | 1 2 3 4 5 6 7 9 10 11 | 11.2
Fighting       | 1 2 3 4 5 |  5.9
Dodging        | 1 2 3 4 6 7 |  7.4
Short Blades   | 1 2 3 4 6 7 8 10 | 10.8
Slings         | 1 2 4 5 6 7 8 |  8.7
Invocations    | 1 2 3 5 6 |  6.5
Hexes          | 1 2 3 4 |  4.2
Spellcasting   | 1 2 3 4 |  4.0
Shields        | 1 3 |  3.1
Maces & Flails | |  1.7
Throwing       | |  2.0
Armour         | |  3.2
Charms         | |  1.1
Summonings     | |  1.5

Action                   |  1- 3 |  4- 6 |  7- 9 | 10-12 || total
-------------------------+-------+-------+-------+-------++-------
Melee: Short sword       |    10 |   125 |       |       ||   135
       Dagger            |       |   127 |   293 |   791 ||  1211
       Hand axe          |       |    11 |       |       ||    11
 Fire: Shortbow          |    76 |    15 |     6 |       ||    97
       Blowgun           |       |     5 |     3 |     9 ||    17
       Hunting sling     |       |       |       |     4 ||     4
Throw: Tomahawk          |       |       |     2 |     4 ||     6
Evoke: Wand              |       |       |     2 |    15 ||    17
  Use: Scroll            |     6 |     7 |     7 |    13 ||    33
       Potion            |       |     5 |     2 |     4 ||    11
 Stab: Sleeping          |     1 |     2 |     6 |    23 ||    32
       Distracted        |       |       |     4 |     4 ||     8
       Invisible         |       |       |       |     1 ||     1
       Confused          |       |       |       |     2 ||     2
  Eat: Royal jelly       |     1 |       |     2 |     2 ||     5
       Bread ration      |     1 |       |       |       ||     1
       Chunk             |       |     8 |     9 |    17 ||    34
Armor: Robe              |     3 |    48 |    36 |    54 ||   141
Dodge: Dodged            |    40 |   213 |   121 |   393 ||   767
